 Dungeon Crawl Stone Soup version 0.16.0-16-g311141a (webtiles) character file.

19430 Ladykiller69 the Cleaver (level 13, 0/101 HPs)
             Began as a Formicid Fighter on Mar 19, 2015.
             Was the Champion of Cheibriados.
             Killed from afar by an orc sorcerer (21 damage)
             ... with a bolt of negative energy
             ... on level 4 of the Orcish Mines.
             The game lasted 00:58:45 (9186 turns).

Ladykiller69 the Cleaver (Formicid Fighter)         Turns: 9186, Time: 00:58:45

Health: 0/101      AC: 18    Str: 38      XL:     13   Next: 4%
Magic:  27/27      EV: 14    Int: 23 (26) God:    Cheibriados [******]
Gold:   1702       SH: 14    Dex: 25      Spells: 0 memorised, 12 levels left

rFire  . . .     SeeInvis +     f - +0 battleaxe
rCold  . . .     Clarity  .     y - +0 chain mail
rNeg   . . .     SustAb   .     c - +0 shield
rPois  +         Gourm    .     (helmet unavailable)
rElec  .         Spirit   .     K - +2 cloak
rCorr  .         Warding  .     S - +1 pair of gloves
rMut   .         Stasis   +     o - +0 pair of boots
MR     ++...                    (no amulet)
Stlth  ..........               x - ring of poison resistance
                                E - ring of protection from magic

@: drained, very slow, very resistant to hostile enchantments, extremely
unstealthy
A: permanent stasis, dig shafts and tunnels, four strong arms, antennae 3
a: Dig, Shaft Self, Bend Time, Temporal Distortion, Slouch, Step From Time,
Renounce Religion


You were on level 4 of the Orcish Mines.
You worshipped Cheibriados.
Cheibriados was exalted by your worship.
You were not hungry.

You visited 3 branches of the dungeon, and saw 18 of its levels.

You collected 1859 gold pieces.
You spent 157 gold pieces at shops.

Inventory:

Hand weapons
 a - a +1 war axe
 f - a +0 battleaxe (weapon)
 N - the +6 hammer "Ibaguc" {flame, Int+2}
   (You found it on level 5 of the Dungeon)

   It has been specially enchanted to burn those struck by it, causing extra
   injury to most foes and up to half again as much damage against particularly
   susceptible opponents.
   It affects your intelligence (+2).
 R - a +5 flail of protection
Missiles
 g - 7 steel javelins
 i - a throwing net (quivered)
 U - 19 tomahawks
 Z - 5 javelins of returning
Armour
 c - a +0 shield (worn)
 o - a +0 pair of boots (worn)
 y - a +0 chain mail (worn)
 K - a +2 cloak (worn)
 S - a +1 pair of gloves (worn)
Jewellery
 x - a ring of poison resistance (right hand)
 E - a ring of protection from magic (left hand)
 T - the ring of Fatigue {rC+ Int-3 Dex+3}
   (You found it on level 9 of the Dungeon)

   [ring of protection from cold]

   It affects your intelligence (-3).
   It affects your dexterity (+3).
   It protects you from cold.
 X - an uncursed ring of flight
Magical devices
 Q - a wand of invisibility (4)
Scrolls
 b - a scroll of immolation {unknown}
 k - 6 scrolls of remove curse
 l - 6 scrolls of enchant weapon
 q - 4 scrolls of enchant armour
 s - 2 scrolls of noise
 t - 3 scrolls of identify
 w - 2 scrolls of amnesia
 D - 3 scrolls of fear
 L - 3 scrolls of fog {unknown}
 M - 3 scrolls of teleportation {unknown}
 O - a scroll of silence {unknown}
 P - 2 scrolls of recharging {unknown}
 W - 2 scrolls of holy word
Potions
 e - 3 potions of might
 h - a potion of curing
 m - 2 potions of flight {unknown}
 n - a potion of cure mutation
 u - 3 potions of mutation {unknown}
 v - 4 potions of agility {unknown}
 z - 4 potions of poison {unknown}
 A - 2 potions of degeneration {unknown}
 B - 4 potions of heal wounds
 C - 3 potions of restore abilities {unknown}
 F - 2 potions of ambrosia {unknown}
 I - 4 potions of brilliance {unknown}
 J - 2 potions of magic {unknown}
 Y - 2 potions of resistance {unknown}
Books
 G - Sif Muna's Incunabulum of Transformation
   (You found it on level 8 of the Dungeon)

   Spells                             Type                      Level
   a - Beastly Appendage              Transmutation                1
Comestibles
 d - 11 bread rations
 j - 7 meat rations
 p - a slice of pizza
 r - 13 fruits
 H - a beef jerky
 V - 13 royal jellies


   Skills:
 + Level 9.0(8.4) Fighting
 * Level 12.4(11.7) Axes
 - Level 1.0(0.4) Throwing
 + Level 9.7(9.0) Armour
 + Level 6.1(5.5) Dodging
 - Level 9.0(8.4) Shields
 + Level 8.6(7.9) Invocations


You had 12 spell levels left.
You didn't know any spells.

Dungeon Overview and Level Annotations

Branches:
Dungeon (13/15)            Temple (1/1) D:4            Lair (0/8) D:11
    Orc (4/4) D:11            Elf (0/3) Orc:3
 Vaults: D:13-14

Altars:
Cheibriados
Dithmenos
Elyvilon
Gozag
Makhleb
Nemelex Xobeh
Okawaru
Qazlal
Ru
Sif Muna
Zin
Beogh

Shops:
D:6 *   D:10 ?   D:11 =


Innate Abilities, Weirdness & Mutations

You are under a permanent stasis effect.
You can dig through walls and to a lower floor.
Your four strong arms can wield two-handed weapons with a shield.
You have a pair of large antennae on your head (SInv).


Message History

Your chain mail prevents you from hitting the orc sorcerer.
The orc sorcerer wildly gestures.
The orc sorcerer's fingertips start to glow.
You block the orc sorcerer's attack.
You miss the orc sorcerer.
The orc sorcerer hits you with a dagger.
* * * LOW HITPOINT WARNING * * *
You slash the orc sorcerer!!
The orc sorcerer is almost dead.
The orc sorcerer hits you but does no damage. x2
You hit the orc sorcerer but do no damage.
The orc sorcerer is almost dead.
The orc sorcerer throws its arms wide while chanting.
The dead are walking!
An orc zombie comes into view.
You barely miss the orc sorcerer.
The orc sorcerer is almost dead.
The orc sorcerer points at you and mumbles some strange words.
The bolt of negative energy hits you!
You feel drained.
You die...

#.................##.............
#.................#.............
###.##...........###............
##........###### ####.########
#........# ######.######
##.......# ###...........#
##...#..# ##...####.####...
##....#.###..### #.#
#.....####)@## #.#{{{
##.#....##o## #.# #.......##o#{{
#.# ##......##Z. ...
###......###.. { ... ###.#...#..#
..# . ##....((....## ..o
#.....(......# ..##
##..#.(.....## #..


You could see an orc sorcerer, an orc wizard and an orc zombie.

Vanquished Creatures
  Josephine (Orc:3)
  2 unseen horrors (D:10)
  Pikel (D:4)
  3 hill giants
  2 ugly things (D:11)
  A wizard (D:12)
  An orc sorcerer (Orc:4)
  A troll (D:11)
  A queen bee (D:13)
  Grinder (D:3)
  Prince Ribbit (D:9)
  A two-headed ogre (D:11)
  A spriggan (D:9)
  13 yaks
  5 wraiths (Orc:3)
  3 hippogriffs
  2 hungry ghosts
  Grum (D:9)
  3 wolves
  2 vampire mosquitoes (D:12)
  A warg (Orc:1)
  Edmund (D:8)
  The ghost of achirane the Grave Robber, an average HENe (D:3)
  2 phantoms
  A sky beast (D:6)
  An ice beast (D:11)
  2 black bears
  11 orc warriors
  2 wasps
  14 centaurs
  13 ogres
  2 eyes of draining
  A brain worm (Orc:1)
  Sigmund (D:3)
  A big kobold (D:8)
  Blork the orc (D:4)
  3 scorpions
  7 giant frogs
  25 killer bees (D:13)
  5 wights (D:12)
  5 crimson imps
  2 giant frog skeletons
  15 orc priests
  A centaur skeleton (D:10)
  5 jellies
  Crazy Yiuf (D:5)
  A centaur zombie (D:12)
  6 hounds
  4 worker ants
  23 orc wizards
  3 iguanas
  A killer bee zombie (D:3)
  Ijyb (D:4)
  2 mummies
  6 adders
  A giant mite (D:4)
  2 worms
  6 shadow imps
  An adder skeleton (D:5)
  An adder zombie (D:5)
  7 giant geckos
  An ooze (D:1)
  118 orcs
  17 bats
  2 bat skeletons (D:8)
  A bat zombie (D:7)
  5 giant cockroaches
  17 goblins
  16 hobgoblins
  5 jackals
  19 kobolds
  3 quokkas
  A ball python (D:4)
  3 giant newts
  A giant spore (D:10)
  A quokka zombie (D:8)
  19 rats
  5 ballistomycetes (D:10)
469 creatures vanquished.

Vanquished Creatures (others)
  A hobgoblin (D:10)
  A quokka (D:7)
  9 fungi (D:11)
  6 plants (D:11)
17 creatures vanquished.

Grand Total: 486 creatures vanquished

Notes
Turn   | Place    | Note
--------------------------------------------------------------
     0 | D:1      | Ladykiller69, the Formicid Fighter, began the quest for the Orb.
     0 | D:1      | Reached XP level 1. HP: 18/18 MP: 1/1
   113 | D:1      | Reached XP level 2. HP: 24/24 MP: 3/3
   272 | D:2      | Reached XP level 3. HP: 29/29 MP: 4/4
   555 | D:2      | Reached skill level 4 in Shields
   567 | D:2      | Reached XP level 4. HP: 35/37 MP: 5/5
   954 | D:3      | Noticed achirane's ghost (average HENe)
   959 | D:3      | Killed achirane's ghost
   959 | D:3      | Reached XP level 5. HP: 37/42 MP: 7/7
  1013 | D:3      | Noticed Grinder
  1023 | D:3      | HP: 1/43 [Grinder/nerve-wracking pain (11)]
  1025 | D:3      | You fall through a shaft for 3 floors!
  1361 | D:6      | Found Ivvuef's General Store.
  1369 | D:6      | Reached XP level 6. HP: 34/49 MP: 8/8
  1381 | D:6      | Bought a potion of heal wounds for 60 gold pieces
  1396 | D:6      | Noticed a sky beast
  1455 | D:6      | Found a sacrificial altar of Ru.
  1462 | D:6      | Killed a sky beast
  1507 | D:6      | Noticed a centaur
  1520 | D:6      | Killed a centaur
  1520 | D:6      | Reached skill level 5 in Shields
  1520 | D:6      | Reached XP level 7. HP: 30/55 MP: 9/9
  1521 | D:6      | Noticed an ogre
  1537 | D:5      | Entered Level 5 of the Dungeon
  1610 | D:5      | Reached skill level 5 in Fighting
  1773 | D:5      | Reached skill level 5 in Axes
  1923 | D:4      | Found a shadowy altar of Dithmenos.
  1927 | D:4      | Reached skill level 5 in Armour
  2070 | D:4      | Noticed Blork the orc
  2087 | D:4      | Killed Blork the orc
  2307 | D:3      | Noticed Sigmund
  2315 | D:3      | Killed Sigmund
  2315 | D:3      | Reached XP level 8. HP: 58/62 MP: 11/11
  2493 | D:3      | Killed Grinder
  2493 | D:3      | Reached skill level 6 in Axes
  3181 | D:4      | Noticed Ijyb
  3186 | D:4      | Killed Ijyb
  3269 | D:4      | Found a staircase to the Ecumenical Temple.
  3278 | Temple   | Entered the Ecumenical Temple
  3282 | Temple   | Became a worshipper of Cheibriados the Contemplative
  3366 | D:4      | Noticed Pikel
  3393 | D:4      | Killed Pikel
  3393 | D:4      | Reached skill level 7 in Axes
  3393 | D:4      | Reached XP level 9. HP: 51/68 MP: 12/12
  3583 | D:5      | Reached skill level 8 in Shields
  3826 | D:5      | Noticed Crazy Yiuf
  3829 | D:5      | Killed Crazy Yiuf
  3833 | D:5      | Got a twisted hammer
  3834 | D:5      | Identified the +6 hammer "Ibaguc" {flame, Int+2} (You found it on level 5 of the Dungeon)
  3860 | D:6      | Killed an ogre
  3860 | D:6      | Acquired Cheibriados' first power
  3875 | D:6      | Noticed a black bear
  3877 | D:6      | Killed a black bear
  3877 | D:6      | Reached skill level 9 in Shields
  4247 | D:6      | Reached skill level 1 in Invocations
  4318 | D:6      | Noticed a centaur
  4330 | D:6      | Killed a centaur
  4594 | D:7      | Reached skill level 1 in Throwing
  4613 | D:7      | Reached skill level 1 in Dodging
  4715 | D:8      | Noticed Edmund
  4726 | D:8      | Killed Edmund
  4761 | D:8      | Reached XP level 10. HP: 71/76 MP: 17/17
  4873 | D:9      | Got an ancient lead ring
  4874 | D:9      | Identified the ring of Fatigue {rC+ Int-3 Dex+3} (You found it on level 9 of the Dungeon)
  4937 | D:9      | Noticed Grum
  4955 | D:9      | Killed Grum
  5073 | D:9      | Found a burning altar of Makhleb.
  5073 | D:9      | Found a sparkling altar of Nemelex Xobeh.
  5085 | D:9      | Found a stormy altar of Qazlal.
  5263 | D:7      | Acquired Cheibriados' second power
  5310 | D:7      | Found a white marble altar of Elyvilon.
  5505 | D:8      | Identified Sif Muna's Incunabulum of Transformation (You found it on level 8 of the Dungeon)
  5524 | D:8      | Found a deep blue altar of Sif Muna.
  5695 | D:9      | Noticed Prince Ribbit
  5705 | D:9      | Killed Prince Ribbit
  5839 | D:10     | Entered Level 10 of the Dungeon
  5850 | D:10     | Acquired Cheibriados' third power
  5874 | D:10     | Reached XP level 11. HP: 78/83 MP: 21/21
  5926 | D:10     | Reached skill level 5 in Invocations
  5928 | D:10     | Found Amajean's Magic Scroll Shoppe.
  5953 | D:10     | Reached skill level 10 in Axes
  5967 | D:10     | Bought a scroll of holy word for 97 gold pieces
  6053 | D:10     | Noticed a hill giant
  6064 | D:10     | Killed a hill giant
  6067 | D:10     | Noticed a hill giant
  6070 | D:10     | You fall through a shaft!
  6070 | D:11     | Noticed a hill giant
  6073 | D:11     | You fall through a shaft!
  6106 | D:13     | Acquired Cheibriados' fourth power
  6325 | D:12     | Noticed a wizard
  6340 | D:12     | Killed a wizard
  6737 | D:11     | Reached skill level 11 in Axes
  6747 | D:11     | Reached XP level 12. HP: 78/92 MP: 24/24
  6763 | D:11     | Found a staircase to the Lair.
  6813 | D:11     | Killed a hill giant
  6813 | D:11     | Reached skill level 5 in Dodging
  6999 | D:10     | Killed a hill giant
  7254 | D:10     | Noticed an unseen horror
  7261 | D:10     | Killed an unseen horror
  7388 | D:11     | Noticed a green ugly thing
  7389 | D:11     | Found a staircase to the Orcish Mines.
  7391 | D:11     | Killed a green ugly thing
  7499 | D:11     | Noticed a brown ugly thing
  7510 | D:11     | Killed a brown ugly thing
  7553 | D:11     | Found Juat's Jewellery Shoppe.
  7693 | Orc:1    | Entered Level 1 of the Orcish Mines
  7970 | Orc:1    | Found a runed door.
  7993 | Orc:1    | Reached skill level 12 in Axes
  8019 | Orc:1    | Found a roughly hewn altar of Beogh.
  8142 | Orc:1    | Found a roughly hewn altar of Beogh.
  8283 | Orc:2    | Found a roughly hewn altar of Beogh.
  8532 | Orc:3    | Found a staircase to the Elven Halls.
  8727 | Orc:4    | Entered Level 4 of the Orcish Mines
  8840 | Orc:3    | Noticed Josephine
  8848 | Orc:3    | Killed Josephine
  8868 | Orc:3    | Found a roughly hewn altar of Beogh.
  8872 | Orc:3    | Reached XP level 13. HP: 27/101 MP: 27/27
  9186 | Orc:4    | Killed from afar by an orc sorcerer

Action                   |  1- 3 |  4- 6 |  7- 9 | 10-12 | 13-15 || total
-------------------------+-------+-------+-------+-------+-------++-------
Melee: War axe           |    56 |    58 |   289 |   427 |       ||   830
       Battleaxe         |       |       |       |   108 |    31 ||   139
Invok: Slouch            |       |       |       |     3 |     1 ||     4
 Abil: Dig               |     2 |     3 |    12 |    23 |     3 ||    43
       Shaft Self        |       |     1 |       |     2 |       ||     3
  Use: Potion            |       |     1 |       |       |       ||     1
       Scroll            |       |       |     2 |    11 |       ||    13
 Stab: Distracted        |       |       |       |     1 |       ||     1
  Eat: Chunk             |       |     3 |    12 |    10 |     1 ||    26
       Pizza             |       |       |       |     2 |       ||     2
